 Dungeon Crawl Stone Soup version 0.16.1 (webtiles) character file.

3283 Fiveotanaka the Cleaver (level 10, -2/77 HPs)
             Began as a Hill Orc Berserker on Mar 29, 2015.
             Was a High Priest of Trog.
             Slain by a profane servitor
             ... wielding a +2 demon whip
              (16 damage)
             ... on level 1 of the Abyss.
             The game lasted 00:22:06 (8461 turns).

Fiveotanaka the Cleaver (Hill Orc Berserker)        Turns: 8461, Time: 00:22:06

Health: -2/77      AC: 14    Str: 21    XL:     10   Next: 0%
Magic:  10/10      EV:  9    Int: 11    God:    Trog [*****.]
Gold:   152        SH:  0    Dex: 13    Spells: 0 memorised, 9 levels left

rFire  . . .     SeeInvis .     D - +3 battleaxe (elec)
rCold  + . .     Clarity  +     A - +0 chain mail
rNeg   + . .     SustAb   .     (no shield)
rPois  .         Gourm    .     m - +0 helmet
rElec  +         Spirit   .     E - +0 cloak
rCorr  .         Warding  .     G - +0 pair of gloves
rMut   .         NoTele   +     (no boots)
MR     .....                    u - amulet of clarity
Stlth  ..........               t - ring "Torphesch" {-Tele rElec rC+ Int+4}
                                I - ring of positive energy

@: slowed, wreathed by umbra, drained, very slow, not resistant to hostile
enchantments, extremely unstealthy
A: no striking features
a: Burn Spellbooks, Berserk, Trog's Hand, Brothers in Arms, Renounce Religion


You were on level 1 of the Abyss.
You worshipped Trog.
Trog was extremely pleased with you.
You were not hungry.

You visited 1 branch of the dungeon, and saw 8 of its levels.
You visited the Abyss 1 time.
You also visited: Sewer.

You collected 611 gold pieces.
You spent 459 gold pieces at shops.

Inventory:

Hand weapons
 a - a +1 hand axe
 C - a +0 blowgun
 D - a +3 battleaxe of electrocution (weapon)
 L - a +0 broad axe
Missiles
 j - 8 needles of confusion
 l - 321 stones (quivered)
 v - 20 poisoned needles
 y - 7 javelins
 T - 3 curare-tipped needles
Armour
 d - an ice dragon hide
 m - a +0 helmet (worn)
 A - a +0 chain mail (worn)
 E - a +0 cloak (worn)
 G - a +0 pair of gloves (worn)
Jewellery
 t - the ring "Torphesch" (right hand) {-Tele rElec rC+ Int+4}
   (You bought it in a shop on level 6 of the Dungeon)

   [ring of protection from cold]

   It affects your intelligence (+4).
   It protects you from cold.
   It insulates you from electricity.
   It prevents most forms of teleportation.
 u - an amulet of clarity (around neck)
 I - a ring of positive energy (left hand)
Scrolls
 b - a scroll of identify
 n - 3 scrolls of enchant weapon
 o - 3 scrolls of magic mapping
 s - 7 scrolls of remove curse
 w - 3 scrolls of recharging
 z - 2 scrolls of teleportation {unknown}
 B - a scroll of fog {unknown}
 H - a scroll of amnesia {unknown}
 J - a scroll of vulnerability {unknown}
 K - a scroll of torment {unknown}
 M - a scroll of fear {unknown}
 Q - a scroll of noise {unknown}
Potions
 e - a potion of ambrosia {unknown}
 f - a potion of curing {unknown}
 g - 2 potions of resistance {unknown}
 h - a potion of restore abilities {unknown}
 k - 2 potions of brilliance {unknown}
 p - 3 potions of haste {unknown}
 x - 2 potions of mutation {unknown}
 F - 3 potions of agility {unknown}
 O - a potion of cure mutation {unknown}
 R - a potion of might {unknown}
Comestibles
 c - 7 meat rations
 i - 2 bread rations
 q - a royal jelly
 r - 2 beef jerkies
 N - a slice of pizza


   Skills:
 - Level 3.6(3.4) Fighting
 + Level 14.9(14.6) Axes
 + Level 7.1(6.9) Armour
 + Level 3.2(3.0) Dodging


You had 9 spell levels left.
You didn't know any spells.

Dungeon Overview and Level Annotations

Branches:
Dungeon (8/15)             Temple (0/1) D:4
   Lair: D:8-11

Altars:
Ashenzari
Cheibriados
Okawaru
Vehumet
Yredelemnul
The Shining One

Shops:
D:6 =

Annotations:
D:8 Psyche


Message History

Your deep troll misses the profane servitor.
Your deep troll claws the profane servitor.
Your deep troll closely misses the profane servitor.
The profane servitor hits your deep troll with an enchanted demon whip. x2
Your deep troll barely misses the profane servitor.
Your deep troll misses the profane servitor.
Your deep troll claws the profane servitor!
Your deep troll bites the profane servitor!
Your deep troll claws the profane servitor!
Your deep troll completely misses the profane servitor.
The profane servitor hits your deep troll with an enchanted demon whip.
Your deep troll dies!
Your deep troll's corpse disappears in a puff of smoke!
The profane servitor hits you but does no damage. x2
The profane servitor hits you with an enchanted demon whip.
* * * LOW HITPOINT WARNING * * *
The profane servitor hits you with an enchanted demon whip.
* * * LOW HITPOINT WARNING * * *
The profane servitor hits you with an enchanted demon whip!
You die...

. #. ... .# ... ....
.#. # .. .....#####
#.#.##.. #.......#.#
###...... #.....@.###
#.......
#....#.#A#.####. ..# #
...##.###.#..
..#..##..# #
#......#.##A...(.....
#.##.##..#.. .##......
.#....##.#...#........#
#.......#.####... #....
#. .....####. .###... #
##.#.#. # ##.## #..


You could see a profane servitor.

Vanquished Creatures
  Pikel (D:8)
  A hippogriff (D:7)
  Menkaure (D:6)
  3 orc warriors
  A centaur (D:7)
  2 ice beasts
  4 ogres
  A crocodile (Sewer)
  A sky beast (D:6)
  2 slaves (D:8)
  A phantom (D:4)
  3 giant frogs
  A water moccasin zombie (D:7)
  4 crimson imps
  5 orc priests
  4 worker ants
  6 hounds
  A jelly (D:7)
  3 giant frog skeletons
  3 iguanas (D:6)
  7 orc wizards
  Ijyb (D:3)
  A hound zombie (D:7)
  2 worker ant zombies
  A river rat (D:4)
  2 giant mites
  8 adders
  A worm (D:4)
  An adder zombie (D:6)
  2 adder skeletons
  5 giant geckos
  An ooze (D:2)
  29 orcs
  3 ball pythons
  20 bats
  2 bat zombies
  4 giant cockroaches
  11 hobgoblins
  15 kobolds
  3 quokkas
  3 giant newts
  11 goblins
  12 jackals
  14 rats
207 creatures vanquished.

Vanquished Creatures (others)
  A deep troll (Abyss:1)
  2 slaves (D:8)
3 creatures vanquished.

Grand Total: 210 creatures vanquished

Notes
Turn   | Place    | Note
--------------------------------------------------------------
     0 | D:1      | Fiveotanaka, the Hill Orc Berserker, began the quest for the Orb.
     0 | D:1      | Reached XP level 1. HP: 19/19 MP: 1/1
   145 | D:1      | Reached XP level 2. HP: 16/26 MP: 2/2
   331 | D:1      | Reached skill level 5 in Axes
   489 | D:1      | Acquired Trog's second power
   638 | D:1      | Reached XP level 3. HP: 31/31 MP: 3/3
  1051 | D:2      | Reached skill level 6 in Axes
  1054 | D:2      | Found a glowing golden altar of the Shining One.
  1287 | D:2      | Reached XP level 4. HP: 8/39 MP: 4/4
  1724 | D:2      | Found an iron altar of Okawaru.
  2077 | D:3      | Noticed Ijyb
  2097 | D:3      | Killed Ijyb
  2097 | D:3      | Reached skill level 7 in Axes
  2953 | D:4      | Reached XP level 5. HP: 23/45 MP: 5/5
  3163 | D:4      | Found a glowing drain.
  3237 | Sewer    | Entered a sewer
  3269 | Sewer    | Noticed a crocodile
  3281 | Sewer    | Killed a crocodile
  3281 | Sewer    | Reached skill level 8 in Axes
  3281 | Sewer    | Reached XP level 6. HP: 51/51 MP: 6/6
  3400 | D:4      | Noticed a phantom
  3425 | D:4      | Found a staircase to the Ecumenical Temple.
  3437 | D:4      | Killed a phantom
  3437 | D:4      | Reached skill level 9 in Axes
  3588 | D:4      | Acquired Trog's third power
  4074 | D:5      | Entered Level 5 of the Dungeon
  4137 | D:5      | Reached XP level 7. HP: 50/57 MP: 7/7
  4157 | D:5      | Reached skill level 10 in Axes
  4717 | D:5      | Reached skill level 11 in Axes
  4855 | D:5      | Reached XP level 8. HP: 61/64 MP: 8/8
  5445 | D:6      | Identified the Reference Book on Fiery Conjuration
  5734 | D:6      | Noticed Menkaure
  5746 | D:6      | Killed Menkaure
  5746 | D:6      | Reached skill level 12 in Axes
  6147 | D:6      | Found a radiant altar of Vehumet.
  6276 | D:6      | Found Brahuj's Jewellery Shoppe.
  6279 | D:6      | Bought the ring "Torphesch" {-Tele rElec rC+ Int+4} for 459 gold pieces
  6731 | D:5      | Reached skill level 5 in Armour
  6866 | D:6      | Received a gift from Trog
  7044 | D:7      | Reached XP level 9. HP: 62/70 MP: 9/9
  7115 | D:7      | Reached skill level 13 in Axes
  7493 | D:7      | Found a snail-covered altar of Cheibriados.
  7493 | D:7      | Found a shattered altar of Ashenzari.
  7922 | D:8      | Reached skill level 14 in Axes
  8075 | D:8      | Noticed Pikel
  8089 | D:8      | Killed Pikel
  8198 | D:8      | Found a basalt altar of Yredelemnul.
  8379 | D:8      | Reached XP level 10. HP: 77/77 MP: 10/10
  8412 | D:8      | Noticed Psyche
  8421 | D:8      | Cast into the Abyss (Psyche)
  8447 | Abyss:1  | Noticed a profane servitor
  8461 | Abyss:1  | Slain by a profane servitor

Action                   |  1- 3 |  4- 6 |  7- 9 | 10-12 || total
-------------------------+-------+-------+-------+-------++-------
Melee: Hand axe          |   137 |   213 |   204 |       ||   554
       Broad axe         |       |       |    59 |       ||    59
       Battleaxe         |       |       |   137 |     7 ||   144
Invok: Berserk           |     1 |     1 |     2 |     1 ||     5
       Burn Spellbooks   |       |       |     2 |       ||     2
       Trog's Hand       |       |       |     1 |       ||     1
       Brothers in Arms  |       |       |       |     1 ||     1
  Use: Scroll            |       |     5 |     2 |       ||     7
  Eat: Chunk             |     2 |    10 |    13 |     1 ||    26
       Fruit             |       |       |     2 |     1 ||     3
       Beef jerky        |       |       |     1 |       ||     1
